AoeStats
← willrhyd

Nomad

508893709Analyzed
4v4 RM · 8d ago on Sep 24, 2026· 36m 7s· 8 players
Game mode
Random Map
Map size
231×231
Population
200
Speed
Normal
Resources
Standard
Victory
Conquest
Starting age
Dark Age
Ending age
Imperial Age
RankedLock teamsTeams togetherTeam positionsShared explorationLock speedFull tech treeHidden civsTurbo modeCheats
Victory
Defeat
🇨🇦 Danes · Canada
1481
+10
🇬🇧 Persians · United Kingdom
1403
+13
🇨🇳 Varangians · China
1391
+14
🇺🇸 Saxons · United States
1390
+13
🇹🇼 Persians · Taiwan
1380
-14
🇭🇰 Spanish · Hong Kong SAR China
1378
-14
🇹🇼 Britons · Taiwan
1306
-11
🇹🇼 Varangians · Taiwan
1297
-11
Pwncakes
6:12 Loom
13:39 Feudal Age
14:17 Double-Bit Axe
15:08 Stone Mining
23:59 Gold Mining
25:15 Fletching
29:57 Wheelbarrow
34:27 Castle Age
33:32 Scale Mail Armor
34:05 Forging
34:54 Pikeman
35:34 Squires
35:35 Arson
逸丶然
7:35 Loom
13:31 Feudal Age
14:21 Town Watch
18:17 Castle Age
18:02 Forging
18:59 Double-Bit Axe
22:14 Fletching
24:45 Bow Saw
26:03 Bodkin Arrow
26:52 Iron Casting
26:27 Horse Collar
27:31 Fishing Lines
29:32 Scale Barding Armor
32:00 Wheelbarrow
35:58 Chain Barding Armor
willrhyd
11:40 Feudal Age
12:02 Double-Bit Axe
12:23 Fishing Lines
18:56 Castle Age
17:20 Gold Mining
20:53 Gillnets
21:42 Bow Saw
24:45 Fletching
26:20 Bodkin Arrow
26:14 Horse Collar
27:22 Loom
28:26 Parthian Tactics
28:20 Husbandry
28:56 Padded Archer Armor
29:39 Ballistics
31:19 Scale Barding Armor
31:24 Forging
32:19 Wheelbarrow
33:24 Leather Archer Armor
36:27 Imperial Age
34:22 Hand Cart
34:22 Bloodlines
34:30 Stone Mining
35:16 Gold Shaft Mining
35:32 Elite Skirmisher
36:53 Iron Casting
Ranchy
12:16 Feudal Age
12:44 Double-Bit Axe
14:23 Fishing Lines
15:02 Loom
15:17 Town Watch
18:37 Castle Age
17:54 Scale Mail Armor
18:09 Man-at-Arms
19:42 Bow Saw
19:57 Chain Mail Armor
21:47 Forging
21:42 Long Swordsman
22:34 Squires
22:19 Gambesons
28:46 Gillnets
30:28 Horse Collar
31:27 Wheelbarrow
35:53 Imperial Age
34:53 Hand Cart
37:00 Iron Casting
kenchen
6:24 Loom
14:21 Feudal Age
19:01 Castle Age
18:33 Forging
19:02 Scale Barding Armor
21:18 Iron Casting
20:59 Medium Warships
26:08 Scale Barding Armor
Sasankuros
6:22 Loom
13:52 Feudal Age
15:57 Double-Bit Axe
18:52 Scale Barding Armor
18:57 Forging
22:59 Castle Age
24:17 Stone Mining
26:43 Bow Saw
26:45 Treadmill Crane
28:04 Fishing Lines
30:45 Wheelbarrow
33:10 Fletching
36:12 Ballistics
BILLLLLLLYYY
4:42 Loom
5:33 Loom
14:32 Feudal Age
18:36 Castle Age
18:42 Double-Bit Axe
18:41 Horse Collar
20:17 Bow Saw
20:24 Gold Mining
21:34 Padded Archer Armor
26:23 Heavy Plow
28:01 Wheelbarrow
28:25 Fletching
29:32 Stone Mining
30:20 Leather Archer Armor
36:05 Imperial Age
z3qc7i0oc5s1k
6:45 Loom
34:25 Feudal Age
35:10 Double-Bit Axe
Connection lost

Rejoining the realm…

Still unreachable

The connection could not be restored.

Session expired

The server has moved on; the page needs a fresh start.